 Dungeon Crawl Stone Soup version 0.26-a0-672-g1df16c3386 (webtiles) character file.

Game seed: 4189236442281348865

82961 imWUMPUS the Warrior (level 15, -3/321 HPs)
             Began as a Minotaur Fighter on Oct 19, 2020.
             Was a High Priest of Trog.
             Slain by an anaconda (8 damage)
             ... on level 1 of the Snake Pit.
             The game lasted 01:40:23 (32171 turns).

imWUMPUS the Warrior (Minotaur Fighter)            Turns: 32171, Time: 01:40:24

Health: -3/321     AC: 27    Str: 24    XL:     15   Next: 31%
Magic:  14/14      EV: -1    Int:  5    God:    Trog [*****.]
Gold:   1166       SH:  0    Dex: 13    Spells: 14/14 levels left

rFire    . . .     SeeInvis .   a - +5 great sword
rCold    + + .     Faith    .   (shield currently unavailable)
rNeg     + + +     Spirit   .   (armour currently unavailable)
rPois    +         Reflect  .   (helmet currently unavailable)
rElec    .         Harm     .   (cloak currently unavailable)
rCorr    .         Rampage  .   (gloves currently unavailable)
MR       +....     NoTele   +   (boots currently unavailable)
Stlth    ..........             H - amulet of the acrobat
HPRegen  0.63/turn              D - ring of protection from cold
MPRegen  0.14/turn              z - ring of protection from cold

@: berserking, tree-form, constricted, very quick
A: (retaliatory headbutt)
a: Berserk, Trog's Hand, Brothers in Arms, Renounce Religion


You were on level 1 of the Snake Pit.
You worshipped Trog.
Trog was extremely pleased with you.
You were a tree.
You visited 4 branches of the dungeon, and saw 21 of its levels.
You visited 1 bazaar.
You also visited: Sewer and Gauntlet.

You collected 1319 gold pieces.
You spent 153 gold pieces at shops.

Inventory:

Hand Weapons
 a - a +5 great sword (weapon)
 M - a +2 great mace of holy wrath
Missiles
 j - 33 poisoned darts (quivered)
 l - 781 stones
 R - 7 curare-tipped darts
Armour
 A - a +1 plate armour of poison resistance (melded)
 B - a +0 pair of gloves (melded)
 P - the +0 pair of boots of an ice cave (melded) {Int+2 Slay+6}
   (You found it in a Gauntlet)

   It affects your intelligence (+2).
   It affects your accuracy and damage with ranged weapons and melee attacks
   (+6).
 T - a +1 cloak of poison resistance (melded)
Jewellery
 p - the ring of Syndicalism {rElec AC-4}
   (You found it in a Gauntlet)

   [ring of protection]

   It affects your AC (-4).
   It insulates you from electricity.
 v - an uncursed ring of flight
 z - a ring of protection from cold (right branch)
 D - a ring of protection from cold (left branch)
 H - an amulet of the acrobat (around neck)
 J - a cursed -4 ring of protection {unknown}
Wands
 u - a wand of disintegration (32)
 w - a wand of acid (23)
 y - a wand of digging (4)
 I - a wand of polymorph (9)
 K - a wand of iceblast (14)
 Q - a wand of paralysis (4)
 U - a wand of flame (12)
Scrolls
 b - a scroll of silence {unknown}
 f - 6 scrolls of immolation
 i - 2 scrolls of enchant armour
 k - 5 scrolls of fog
 s - 3 scrolls of magic mapping
 t - 4 scrolls of fear {unknown}
 x - 10 scrolls of remove curse
 E - 6 scrolls of identify
 F - 3 scrolls of enchant weapon {unknown}
 L - 6 scrolls of teleportation
 S - a scroll of noise {unknown}
 V - a scroll of acquirement {unknown}
 W - 4 scrolls of vulnerability {unknown}
 X - 3 scrolls of summoning {unknown}
 Y - 2 scrolls of brand weapon {unknown}
 Z - 3 scrolls of blinking {unknown}
Potions
 c - a potion of invisibility {unknown}
 d - 4 potions of might
 e - 11 potions of curing
 h - 4 potions of mutation {unknown}
 n - 4 potions of flight
 o - 4 potions of cancellation
 q - a potion of degeneration {unknown}
 r - 5 potions of lignification
 C - a potion of haste
 G - 2 potions of berserk rage {unknown}
 O - a potion of ambrosia {unknown}
Miscellaneous
 m - a phial of floods
 N - a lightning rod (4/4)


   Skills:
 + Level 15.6 Fighting
 + Level 15.4 Long Blades
 + Level 8.8 Throwing
 + Level 15.1 Armour
 + Level 12.4 Dodging
 - Level 6.0 Stealth
   Level 3.6 Shields


You had 14 spell levels left.
You didn't know any spells.
Your spell library contained the following spells:

 Spells                   Type           Power        Failure   Level
 Magic Dart               Conj           #...         47%         1
 Searing Ray              Conj           #.....       63%         2
 Dazzling Flash           Conj/Hex       #.....       85%         3
 Fulminant Prism          Conj/Hex       #.........   99%         4
 Iskenderun's Mystic Bla  Conj/Tloc      #.......     99%         4


Dungeon Overview and Level Annotations

Branches:
Dungeon (15/15)            Temple (1/1) D:6            Lair (3/6) D:11
  Swamp (0/4) Lair:3        Snake (2/4) Lair:3          Orc (0/2) D:9
 Vaults (0/5) D:13         Depths (0/5) D:15          Sewer (visited)
Gauntlet (visited)

Altars:
Ashenzari
Cheibriados
Dithmenos
Elyvilon
Fedhas
Gozag
Hepliaklqana
Kikubaaqudgha
Makhleb
Nemelex Xobeh
Okawaru
Qazlal
Ru
Sif Muna
Trog
Uskayaw
Vehumet
Wu Jian
Xom
Yredelemnul
Zin
The Shining One

Shops:
D:6 :   D:13 *

Annotations:
D:9 2 transporters
Snake:1 Roxanne


Innate Abilities, Weirdness & Mutations

((You reflexively headbutt those who attack you in melee.))
((You have a pair of horns on your head.))


Message History

The anaconda constricts you.
A red film seems to cover your vision as you go berserk!
You feel yourself moving faster!
You feel mighty!
The anaconda bites you but does no damage.
The anaconda bites you.
* * * LOW HITPOINT WARNING * * *
The anaconda bites you but does no damage.
The anaconda constricts you.
The anaconda bites you but does no damage.
The anaconda bites you.
* * * LOW HITPOINT WARNING * * *
The anaconda loses its grip on you.
You cannot move.
You slice the anaconda!!
You kill the anaconda!
Trog accepts your kill. The anaconda grabs you. The anaconda bites you.
* * * LOW HITPOINT WARNING * * *
x2 The anaconda constricts you.
The anaconda bites you!
You die...

##.....#...
########S....##...
#...SSSSS...##..#.
####'####SS..#.#...#.
##.......##..##†##..#.
#.8#####8S#.###S.##.##
#.##...##S#.S##SSS#S.#
#.#.8)8[#S#....SSSSS.S
#.#..♣S.#)#.....S.SS##
#.#S8S8.#[#..........#
#.##.SS##S##.......#..
#.8##'##8.###...[.)#..
##....S..## #.).[..#)#
######### #......#.#
##......#. ##.....[.
##......


You could see 4 anacondas, a shock serpent and a black mamba.

Vanquished Creatures
  Rupert (D:15)
  Jorgrun (D:15)
  Frances (Snake:1)
  Agnes (D:15)
  Azrael (Snake:1)
  A minotaur (Gauntlet)
  A fire dragon (D:15)
  An ettin (D:15)
  A yaktaur captain (D:15)
  3 naga warriors (Snake:1)
  An ogre mage (D:15)
  A great orb of eyes (Gauntlet)
  4 hydras
  4 centaur warriors
  10 two-headed ogres
  2 death knights
  2 dancing weapons (D:13)
  8 anacondas (Snake:1)
  A naga sharpshooter (Snake:1)
  A skeletal warrior (D:15)
  4 unseen horrors
  A naga ritualist (Snake:1)
  2 phantasmal warriors
  A swamp dragon (Lair:3)
  2 wolf spider zombies
  3 mana vipers (Snake:1)
  3 deep elf magi
  3 ugly things
  2 manticores
  2 salamanders (Snake:1)
  6 cyclopes
  12 black mambas
  Maurice (D:11)
  Joseph (D:9)
  3 naga magi (Snake:1)
  9 cane toads
  A gargoyle (D:12)
  3 centaur skeletons
  2 freezing wraiths
  An efreet (D:15)
  8 komodo dragons
  4 trolls
  A harpy skeleton (D:15)
  A hornet (D:13)
  4 blink frogs (Lair:2)
  A snapping turtle (shapeshifter) (D:15)
  A tarantella (shapeshifter) (D:15)
  A large abomination (Gauntlet)
  8 shadows
  2 wyverns
  7 wraiths
  3 fire elementals (Snake:1)
  32 yaks
  5 basilisks
  7 vampire mosquitoes
  14 nagas
  14 water moccasins
  An acid dragon (D:15)
  2 hell hounds (Snake:1)
  3 small abominations (Gauntlet)
  8 orc warriors
  An ice beast (D:6)
  2 sky beasts
  4 phantoms
  An eye of draining (D:15)
  6 black bears
  A necrophage (D:7)
  11 ogres
  14 wolves
  2 centaurs
  A big kobold (D:7)
  13 bullfrogs
  2 gnoll sergeants
  A water moccasin zombie (D:7)
  7 scorpions
  3 wights (D:10)
  3 howler monkeys
  5 electric eels (D:10)
  A bullfrog zombie (D:13)
  5 centaur zombies
  A quasit (D:8)
  10 hounds
  3 jellies
  8 orc priests
  12 orc wizards
  4 bullfrog skeletons
  3 iguanas
  7 hell rats (Lair:3)
  10 worker ants
  2 hound skeletons
  3 worker ant zombies
  10 gnolls
  13 adders
  A shadow imp (D:5)
  2 white imps (D:5)
  3 ufetubi
  4 adder zombies
  3 adder skeletons
  7 worms
  5 dart slugs
  5 leopard geckos
  25 orcs
  3 ball pythons
  A bat skeleton (D:2)
  3 giant cockroaches
  6 goblins
  8 hobgoblins
  11 jackals
  11 kobolds
  4 quokkas
  A ball python skeleton (D:2)
  8 bats
  3 frilled lizards
  A quokka skeleton (D:5)
  8 rats
527 creatures vanquished.

Vanquished Creatures (collateral kills)
  A redback zombie (D:15)
1 creature vanquished.

Vanquished Creatures (others)
  11 fungi
  62 plants
  24 withered plants
97 creatures vanquished.

Grand Total: 625 creatures vanquished

Notes
Turn   | Place    | Note
-------+----------+-------------------------------------------
     0 | D:1      | imWUMPUS the Minotaur Fighter began the quest for the Orb.
     0 | D:1      | Reached XP level 1. HP: 19/19 MP: 0/0
    37 | D:1      | Reached XP level 2. HP: 4/27 MP: 1/1
   565 | D:1      | Reached XP level 3. HP: 33/33 MP: 2/2
  1082 | D:2      | Reached XP level 4. HP: 41/41 MP: 3/3
  1242 | D:2      | Noticed an ogre
  1496 | D:2      | Killed an ogre
  1496 | D:2      | Reached skill level 5 in Fighting
  1496 | D:2      | Reached skill level 5 in Armour
  1496 | D:2      | Reached XP level 5. HP: 48/48 MP: 4/4
  2210 | D:2      | Reached skill level 5 in Long Blades
  2210 | D:2      | Reached XP level 6. HP: 33/56 MP: 5/5
  2997 | D:4      | Found a snail-covered altar of Cheibriados.
  3420 | D:5      | Entered Level 5 of the Dungeon
  3558 | D:5      | Reached XP level 7. HP: 45/64 MP: 6/6
  3662 | D:5      | Found a shimmering blue altar of Sif Muna.
  4661 | D:6      | Found a glowing drain.
  4691 | Sewer    | Entered a sewer
  4954 | D:6      | Found Cotifunu's Book Emporium.
  5357 | D:6      | Found a staircase to the Ecumenical Temple.
  5369 | Temple   | Entered the Ecumenical Temple
  5667 | Temple   | Became a worshipper of Trog the Wrathful
  5820 | D:6      | Reached XP level 8. HP: 55/73 MP: 7/7
  5975 | D:6      | Found an ancient bone altar of Kikubaaqudgha.
  6604 | D:7      | Reached * piety under Trog
  6845 | D:7      | Noticed a brown ugly thing
  7691 | D:7      | Reached XP level 9. HP: 71/82 MP: 8/8
  8145 | D:7      | Reached skill level 1 in Dodging
  8501 | D:7      | Killed a brown ugly thing
  9325 | D:8      | Reached skill level 10 in Fighting
  9332 | D:8      | Reached ** piety under Trog
  9332 | D:8      | Reached skill level 10 in Long Blades
 10412 | D:8      | Reached skill level 1 in Stealth
 10696 | D:9      | Noticed a troll
 10705 | D:9      | Killed a troll
 10764 | D:9      | Noticed a troll
 10780 | D:9      | Killed a troll
 10780 | D:9      | Reached XP level 10. HP: 89/94 MP: 9/9
 10842 | D:9      | Found a transporter.
 10843 | D:9      | Noticed an orc sorcerer
 10853 | D:9      | Found a transporter.
 10869 | D:9      | Noticed a fire crab
 10910 | D:9      | Reached skill level 5 in Dodging
 11112 | D:9      | Found a staircase to the Orcish Mines.
 11424 | D:9      | Noticed Joseph
 11440 | D:9      | Killed Joseph
 11440 | D:9      | Reached skill level 10 in Armour
 11735 | D:10     | Entered Level 10 of the Dungeon
 11799 | D:10     | Found a glowing golden altar of the Shining One.
 12302 | D:10     | Noticed a seven-headed hydra
 12322 | D:10     | Killed a seven-headed hydra
 12487 | D:10     | Reached *** piety under Trog
 12721 | D:10     | Noticed a two-headed ogre
 13719 | D:10     | Killed a two-headed ogre
 13719 | D:10     | Reached XP level 11. HP: 102/102 MP: 10/10
 14187 | D:10     | Noticed a two-headed ogre
 14197 | D:10     | Killed a two-headed ogre
 15082 | D:6      | Found an ancient bone altar of Kikubaaqudgha.
 15108 | D:6      | Found a staircase to the Ecumenical Temple.
 15145 | D:6      | Killed an unseen horror
 15344 | D:6      | Found Cotifunu's Book Emporium.
 15827 | D:11     | Found a broken altar of Ashenzari.
 15857 | D:11     | Noticed a two-headed ogre
 16134 | D:10     | Killed a two-headed ogre
 16263 | D:11     | Noticed Maurice
 16264 | D:11     | Found a staircase to the Lair.
 16287 | D:11     | Killed Maurice
 16287 | D:11     | Reached skill level 5 in Stealth
 16987 | D:11     | Found a staircase to the Lair.
 17207 | D:11     | Found a broken altar of Ashenzari.
 17558 | D:11     | Found a broken altar of Ashenzari.
 17716 | D:11     | Found a staircase to the Lair.
 18052 | D:11     | Found a staircase to the Lair.
 18151 | D:11     | Found a broken altar of Ashenzari.
 18492 | D:11     | Found a staircase to the Lair.
 18695 | D:11     | Found a broken altar of Ashenzari.
 19168 | D:12     | Noticed a two-headed ogre
 19176 | D:12     | Killed a two-headed ogre
 19413 | D:12     | Noticed a deep elf mage
 19421 | D:12     | Killed a deep elf mage
 19704 | D:12     | Reached XP level 12. HP: 113/113 MP: 11/11
 20097 | D:13     | Reached **** piety under Trog
 20737 | D:13     | Found a gate to the Vaults.
 20754 | D:13     | Reached skill level 1 in Throwing
 21125 | D:13     | Found Guthitz's Assorted Antiques.
 21310 | D:14     | Noticed a centaur warrior
 21324 | D:14     | Killed a centaur warrior
 21348 | D:14     | Found a flickering gateway to a bazaar.
 21357 | Bazaar   | Entered a bazaar
 21361 | Bazaar   | Found Jusen's Armour Shop.
 21389 | Bazaar   | Found Luviusel's Weapon Emporium.
 21409 | Bazaar   | Found Jeduosm's Assorted Antiques.
 21419 | Bazaar   | Bought a scroll labeled ZIPETU YZAKKAPHI for 36 gold pieces
 21420 | Bazaar   | Bought a murky orange potion for 32 gold pieces
 21423 | Bazaar   | Found Nuali's Book Boutique.
 21458 | Bazaar   | Found Bawu's Distillery.
 21466 | Bazaar   | Bought a potion of heal wounds for 85 gold pieces
 21600 | D:14     | Noticed a death knight
 21608 | D:14     | Killed a death knight
 21693 | D:14     | Noticed a two-headed ogre
 21700 | D:14     | Killed a two-headed ogre
 22606 | D:15     | Entered Level 15 of the Dungeon
 22636 | D:15     | Found a gate leading to a gauntlet.
 22637 | D:15     | Noticed Agnes
 22640 | Gauntlet | Entered a Gauntlet
 22640 | Gauntlet | Found a large runed translucent door.
 22640 | Gauntlet | Found a large runed translucent door.
 22640 | Gauntlet | Found a large runed translucent door.
 22640 | Gauntlet | Found a large runed translucent door.
 22640 | Gauntlet | Found a large runed translucent door.
 22640 | Gauntlet | Found a large runed translucent door.
 22640 | Gauntlet | Found a runed translucent door.
 22640 | Gauntlet | Found a transporter.
 22640 | Gauntlet | Found a transporter.
 22640 | Gauntlet | Found a runed translucent door.
 22640 | Gauntlet | Found a large runed translucent door.
 22640 | Gauntlet | Found a large runed translucent door.
 22640 | Gauntlet | Found a large runed translucent door.
 22640 | Gauntlet | Found a large runed translucent door.
 22640 | Gauntlet | Found a large runed translucent door.
 22640 | Gauntlet | Found a large runed translucent door.
 22645 | Gauntlet | Found a transporter.
 22647 | Gauntlet | Noticed a death scarab
 22656 | Gauntlet | Found a transporter.
 22659 | Gauntlet | Noticed a death scarab
 22679 | Gauntlet | Found a transporter.
 22684 | Gauntlet | Noticed a balrug
 22690 | Gauntlet | Found a transporter.
 22690 | Gauntlet | Found a transporter.
 22691 | Gauntlet | Noticed a great orb of eyes
 22692 | Gauntlet | Found a transporter.
 22705 | Gauntlet | Noticed a reaper
 22706 | Gauntlet | Found a transporter.
 22756 | Gauntlet | Found a transporter.
 22757 | Gauntlet | Found a large runed translucent door.
 22757 | Gauntlet | Found a large runed translucent door.
 22758 | Gauntlet | Found a runed translucent gate.
 22759 | Gauntlet | Found a runed translucent gate.
 22760 | Gauntlet | Found a transporter.
 22760 | Gauntlet | Found a runed translucent gate.
 22761 | Gauntlet | Noticed a tengu warrior
 22805 | Gauntlet | Found a transporter.
 22819 | Gauntlet | Found a transporter.
 22901 | Gauntlet | Found a large runed translucent door.
 22901 | Gauntlet | Found a large runed translucent door.
 22919 | Gauntlet | Found a transporter.
 22926 | Gauntlet | Noticed an emperor scorpion
 22933 | Gauntlet | Found a transporter.
 22940 | Gauntlet | Noticed a queen ant
 22940 | Gauntlet | an emperor scorpion changed into a queen ant
 22946 | Gauntlet | Found a transporter.
 22963 | Gauntlet | Noticed a four-headed hydra
 22977 | Gauntlet | Noticed a two-headed ogre
 22977 | Gauntlet | a glowing orange brain changed into a two-headed ogre
 22978 | Gauntlet | a two-headed ogre changed into a manticore
 23483 | Gauntlet | Got a crude steel ring
 23486 | Gauntlet | Identified the cursed ring of Syndicalism {rElec AC-4} (You
                  | found it in a Gauntlet)
 23596 | Gauntlet | Killed a great orb of eyes
 23596 | Gauntlet | Reached XP level 13. HP: 122/122 MP: 12/12
 23613 | Gauntlet | Got a pair of transparent boots
 23642 | Gauntlet | Identified the +0 pair of boots of an ice cave {Int+2
                  | Slay+6} (You found it in a Gauntlet)
 23653 | Gauntlet | Noticed a minotaur
 23663 | Gauntlet | Killed a minotaur
 23729 | D:15     | Killed Agnes
 24380 | D:15     | Noticed an ettin
 24381 | D:15     | Found a staircase to the Depths.
 24386 | D:15     | Killed an ettin
 24386 | D:15     | Reached skill level 10 in Dodging
 24392 | D:15     | Reached skill level 5 in Throwing
 24799 | D:15     | Noticed Rupert
 24827 | D:15     | HP: 9/186 [Rupert/+3 vorpal great sword (5)]
 24828 | D:15     | Killed Rupert
 25797 | D:15     | Noticed Jorgrun
 25811 | D:15     | Killed Jorgrun
 25811 | D:15     | Reached XP level 14. HP: 133/133 MP: 13/13
 26134 | D:15     | Found a runed translucent door.
 26807 | Lair:1   | Entered Level 1 of the Lair of Beasts
 28492 | Lair:2   | Reached ***** piety under Trog
 29179 | Lair:3   | Reached skill level 15 in Fighting
 30236 | Lair:3   | Found a staircase to the Swamp.
 30447 | Lair:3   | Found a staircase to the Snake Pit.
 30609 | Snake:1  | Entered Level 1 of the Snake Pit
 30616 | Snake:1  | Reached skill level 15 in Long Blades
 30643 | Snake:1  | Noticed Frances
 30651 | Snake:1  | Killed Frances
 30985 | Snake:1  | Found a runed translucent gate.
 30985 | Snake:1  | Found a runed translucent gate.
 30985 | Snake:1  | Found a runed translucent gate.
 31025 | Snake:1  | Reached XP level 15. HP: 105/141 MP: 14/14
 31679 | Snake:1  | Noticed Azrael
 31687 | Snake:1  | Killed Azrael
 31697 | Snake:1  | Identified Roxanne's Grimoire of Changing
 31697 | Snake:1  | Noticed Roxanne
 31701 | Snake:1  | Reached skill level 15 in Armour
 32149 | Snake:1  | HP: 7/141 [anaconda (3)]
 32168 | Snake:1  | Received a gift from Trog
 32168 | Snake:1  | HP: 7/141 [anaconda (3)]
 32171 | Snake:1  | Slain by an anaconda

Illustrated notes

Levels and vault maps discovered:
D:1:      minmay_arrival_up_and_down, layout_rooms
D:2:      layout_loops_ring, serial_undead, serial_undead_c, serial_undead_c,
          serial_undead_c, serial_undead_f, serial_bayou_lagoon_a,
          hangedman_decor_peaks_small, minmay_statues_item
D:3:      layout_basic, chequers_serial_rivers_large_b,
          wander_ebering_terrifying_dragon_lair
D:4:      layout_basic, kennysheep_slug_shrine
D:5:      layout_basic, old_standard_altar, serial_corexii_hall,
          chequers_hall_statues_y, corexii_hall_statues_deadend,
          chequers_hall_statues_wall_a, corexii_hall_statues_i
D:6:      layout_gridville, minmay_temple_entry_mini_moons, basic_altar,
          serial_shops, shop, cheibrodos_sewer_entry_bend
D:7:      minmay_the_grid_octo_2x2 [minmay_the_grid_octo_checkerflower,
          minmay_the_grid_octo_tetromino_candy,
          minmay_the_grid_octo_thin_diamonds,
          minmay_the_grid_octo_prize_ultimate_mussel_roller], layout_loops_ring,
          minmay_tree_intersection
D:8:      layout_basic, abandoned_shop
D:9:      gammafunk_wand_slinger, layout_loops_ring, uniq_joseph
D:10:     layout_basic, tso_metal_star
D:11:     layout_long_grid, david_lair_generic, ashenzari_altar_1, uniq_maurice
D:12:     layout_stronghold, hangedman_decor_push, minmay_misc_feat_tiny
D:13:     layout_long_grid, erik_vaults_1, serial_shops, nicolae_shop_crystal,
          item_on_display_a
D:14:     layout_long_grid, serial_shops, bzr_entry_islet
D:15:     hangedman_depths_entry_civil_slaughter, layout_loops_ring,
          gauntlet_entry_generic, chequers_mini_garden, minivault_13,
          uniq_rupert, uniq_agnes, uniq_jorgrun
Temple:   regret_index_temple_chain_breaker
Lair:1:   layout_gridlike
Lair:2:   cheibrodos_lair_overgrown_chateau, layout_chaotic_city
Lair:3:   layout_layer_cave, minmay_swamp_entry_reptiles,
          minmay_snake_entry_guardpost_large, grunt_megastairs_3
Snake:1:  nicolae_snake_nest, layout_onion_interference, grunt_ministairs_11,
          eino_curves_04, nicolae_snake_horde_hoard, uniq_frances, uniq_azrael,
          uniq_roxanne
Snake:2:  layout_concentric_octagons

Skill      XL: |  1  2  3  4  5  6  7  8  9 10 11 12 13 14 15 |
---------------+----------------------------------------------+-----
Armour         | 4 5 6 7 8 9 10 11 12 13 14 15 | 15.1
Fighting       | 4 5 6 7 8 10 11 12 13 14 15 | 15.6
Long Blades    | 3 4 5 7 8 10 11 12 13 14 15 | 15.4
Dodging        | 4 6 8 9 10 12 | 12.4
Stealth        | 1 3 5 6 |  6.0
Throwing       | 4 6 8 |  8.8
Shields        | |  3.6

Action                   |  1- 3 |  4- 6 |  7- 9 | 10-12 | 13-15 || total
-------------------------+-------+-------+-------+-------+-------++-------
Melee: Long sword        |    69 |    75 |    10 |    87 |       ||   241
       Headbutt          |     9 |    28 |    96 |   124 |   126 ||   383
       Falchion          |       |    54 |   341 |       |       ||   395
       Great sword       |       |       |       |   357 |   471 ||   828
       Great mace        |       |       |       |     7 |       ||     7
Throw: Dart              |       |    12 |    32 |    25 |     6 ||    75
       Stone             |       |    31 |    45 |    15 |       ||    91
Invok: Berserk           |       |       |     3 |    11 |    12 ||    26
       Trog's Hand       |       |       |       |     1 |       ||     1
       Brothers in Arms  |       |       |       |       |     1 ||     1
 Abil: Stop Flying       |       |       |       |     1 |       ||     1
       Evoke Flight      |       |       |       |     1 |       ||     1
Evoke: Wand              |       |       |     1 |       |       ||     1
  Use: Potion            |       |       |     3 |     2 |     7 ||    12
       Scroll            |       |       |    10 |     9 |     2 ||    21
Armor: Scale mail        |    45 |    66 |   198 |       |       ||   309
       Plate armour      |       |       |     7 |   304 |   325 ||   636
       Skin              |       |       |       |       |     5 ||     5
Dodge: Dodged            |    45 |    69 |   174 |   341 |   513 ||  1142
       Rpst.: Long sword |    11 |    19 |     2 |     2 |       ||    34
       Falchion          |       |     6 |    46 |       |       ||    52
       Great sword       |       |       |       |    57 |   103 ||   160

Table legend: (Time is in decaauts)
 A = Elapsed time spent in this place.
 B = Non-inter-level travel time spent in this place.
 C = Inter-level travel time spent in this place.
 D = Time resting spent in this place.
 E = Time spent auto-exploring this place.
 F = Levels seen in this place.
 G = Mean time per level.
                   A        B        C        D        E       F      G
               +--------+--------+--------+--------+--------+-----+--------+
         Total |  32528 |  31151 |   1377 |   6568 |  16623 |  24 | 1355.3 |
       Dungeon |  25426 |  24161 |   1265 |   5135 |  13509 |  15 | 1695.1 |
        Temple |    313 |    269 |     44 |      0 |    112 |   1 |  313.0 |
          Lair |   3794 |   3727 |     67 |    468 |   1969 |   3 | 1264.7 |
     Snake Pit |   1560 |   1560 |      0 |    483 |    647 |   2 |  780.0 |
        Bazaar |    105 |    105 |      0 |      0 |     26 |   1 |  105.0 |
         Sewer |    222 |    222 |      0 |      0 |    171 |   1 |  222.0 |
      Gauntlet |   1105 |   1105 |      0 |    482 |    188 |   1 | 1105.0 |
               +--------+--------+--------+--------+--------+-----+--------+

Top non-repeatable levels by time:
    D:10: 3343 daAuts
    D:11: 3234 daAuts
    D:14: 2274 daAuts
     D:6: 2251 daAuts
     D:7: 2153 daAuts
    D:15: 2063 daAuts
  Lair:2: 1661 daAuts
 Snake:1: 1559 daAuts
     D:9: 1554 daAuts
    D:12: 1516 daAuts
     D:8: 1457 daAuts
  Lair:3: 1454 daAuts
     D:2: 1341 daAuts
     D:5: 1312 daAuts
Gauntlet: 1105 daAuts
